 Dungeon Crawl Stone Soup version 0.18.1-48-g4cf74bf (webtiles) character file.

107 Alarkh the Shooter (level 4, -1/33 HPs)
             Began as a Mummy Hunter on Aug 15, 2016.
             Slain by a black bear (6 damage)
             ... on level 3 of the Dungeon.
             The game lasted 00:03:09 (2331 turns).

Alarkh the Shooter (Mummy Hunter)                   Turns: 2331, Time: 00:03:10

Health: -1/33      AC:  4    Str: 15    XL:     4   Next: 56%
Magic:  4/4        EV: 11    Int: 11    God:
Gold:   30         SH:  0    Dex: 12    Spells: 0 memorised, 3 levels left

rFire  x . .     SeeInvis .     j - +4 dagger
rCold  + . .     Gourm    .     c - +1 leather armour
rNeg   + + +     Faith    .     (no shield)
rPois  ∞         Spirit   .     (no helmet)
rElec  .         Dismiss  .     (no cloak)
rCorr  .         Reflect  .     (no gloves)
SustAt .         Harm     .     (no boots)
MR     .....                    (no amulet)
Stlth  +.........               (no ring)
                                (no ring)

@: not resistant to hostile enchantments, very unstealthy
A: no food or potions, fire vulnerability, cold resistance 1, negative energy
resistance 3, torment resistance, unbreathing
a: no special abilities


You were on level 3 of the Dungeon.
You were not hungry.

You visited 1 branch of the dungeon, and saw 3 of its levels.

You collected 30 gold pieces.

Inventory:

Hand Weapons
 a - a +1 shortbow
 b - a +0 mace
 g - a +0 short sword
 j - a +4 dagger (weapon)
Missiles
 d - 16 arrows
 k - a throwing net (quivered)
Armour
 c - a +1 leather armour (worn)
Scrolls
 e - a scroll of enchant weapon {unknown}
 f - a scroll of enchant armour
 h - a scroll of identify {unknown}
 i - a scroll of teleportation {unknown}
 l - a scroll of immolation {unknown}
 m - a scroll of magic mapping {unknown}


   Skills:
 - Level 2.0 Fighting
 + Level 5.0 Bows
 - Level 1.5 Dodging
 - Level 0.7 Stealth


You had 3 spell levels left.
You didn't know any spells.

Dungeon Overview and Level Annotations

Branches:
Dungeon (3/15)

Altars:
Nemelex Xobeh


Innate Abilities, Weirdness & Mutations

You do not eat or drink.
Your flesh is vulnerable to fire.
You are immune to poison.
Your flesh is cold resistant.
You are immune to negative energy.
You are immune to unholy pain and torment.
You can survive without breathing.


Message History

The black bear bites you!
The black bear claws you but does no damage.
The black bear barely misses you.
You are too injured to fight recklessly!
You are too injured to fight recklessly!
You hit the black bear.
The black bear is severely wounded.
The black bear completely misses you. The black bear claws you.
* * * LOW HITPOINT WARNING * * *
The black bear claws you but does no damage.
You hit the black bear.
The black bear is almost dead.
The black bear goes berserk!
You closely miss the black bear.
The black bear is almost dead.
The black bear bites you.
* * * LOW HITPOINT WARNING * * *
The black bear claws you but does no damage.
The black bear claws you.
You die...

####.......## .
##........# ...
...........###..
#.#...##...##⌠...
# #... #...# #8.
#... #...# $..
..?.. #...# #.#
.#. #...###h#
..##...#.#@#
............#
....#####.###
#... #... #..
#.### .... #.#
##. #.# #.# #..


You could see a black bear (berserk).

Vanquished Creatures
  3 adders (D:2)
  An ooze (D:1)
  A worm (D:2)
  2 dart slugs
  A giant gecko (D:2)
  A ball python (D:1)
  4 bats
  6 giant cockroaches
  7 goblins
  11 hobgoblins
  8 jackals
  7 giant newts
  4 kobolds
  6 rats
62 creatures vanquished.

Notes
Turn   | Place    | Note
--------------------------------------------------------------
     0 | D:1      | Alarkh the Mummy Hunter began the quest for the Orb.
     0 | D:1      | Reached XP level 1. HP: 16/16 MP: 1/1
    55 | D:1      | Reached XP level 2. HP: 20/22 MP: 2/2
   178 | D:1      | Reached skill level 4 in Bows
   566 | D:1      | Reached XP level 3. HP: 21/27 MP: 3/3
  1473 | D:2      | Reached XP level 4. HP: 28/33 MP: 4/4
  2151 | D:2      | Found a sparkling altar of Nemelex Xobeh.
  2223 | D:3      | Reached skill level 5 in Bows
  2319 | D:3      | Noticed a black bear
  2331 | D:3      | Slain by a black bear

Skill      XL: |  1  2  3  4 |
---------------+-------------+-----
Bows           | 4 5 |  5.0
Fighting       | |  2.0
Dodging        | |  1.5
Stealth        | |  0.7

Action                   |  1- 3 |  4- 6 || total
-------------------------+-------+-------++-------
Melee: Short sword       |    51 |       ||    51
       Mace              |    77 |    79 ||   156
       Dagger            |       |    10 ||    10
 Fire: Shortbow          |    26 |     5 ||    31
  Use: Scroll            |       |     1 ||     1
Armor: Leather armour    |    40 |    39 ||    79
Dodge: Dodged            |   112 |    70 ||   182
